 Dungeon Crawl Stone Soup version 0.27.1-33-g824d729ab1 (webtiles) character file.

Game seed: 4935823384114619912

157 pkoi the Caller (level 5, 0/38 HPs)
             Began as a Draconian Summoner on Dec 8, 2021.
             Was an Initiate of Vehumet.
             Slain by Pikel (8 damage)
             ... on level 3 of the Dungeon.
             The game lasted 00:06:12 (4500 turns).

pkoi the Caller (Draconian Summoner)                Turns: 4500, Time: 00:06:13

Health: 0/38       AC:  7    Str: 11    XL:     5   Next: 15%
Magic:  1/8        EV: 12    Int: 16    God:    Vehumet [......]
Gold:   130        SH:  0    Dex: 11    Spells: 2/8 levels left

rFire    . . .     SeeInvis +   b - +1 spear (vorpal)
rCold    . . .     Faith    .   (no shield)
rNeg     . . .     Spirit   .   (armour unavailable)
rPois    .         Reflect  .   c - +2 hat
rElec    .         Harm     .   (no cloak)
rCorr    .         Rampage  .   (no gloves)
Will     .....                  (no boots)
Stlth    ++........             (no amulet)
HPRegen  0.12/turn              k - ring of see invisible
MPRegen  0.11/turn              (no ring)

@: no status effects
A: AC +5, unfitting armour, cold-blooded
a: Renounce Religion


You were on level 3 of the Dungeon.
You worshipped Vehumet.
Vehumet was noncommittal.
You visited 1 branch of the dungeon, and saw 4 of its levels.

You collected 130 gold pieces.

Inventory:

Hand Weapons
 b - a +1 vorpal spear (weapon)
Armour
 c - a +2 hat (worn)
Jewellery
 k - a ring of see invisible (left hand)
Scrolls
 d - 4 scrolls of identify {unknown}
 g - a scroll of noise {unknown}
 h - a scroll of brand weapon {unknown}
Potions
 a - a potion of heal wounds {unknown}
 e - a potion of haste {unknown}
 f - a potion of might {unknown}
 i - a potion of resistance {unknown}
 j - a potion of flight {unknown}


   Skills:
 + Level 2.7 Polearms
 - Level 1.7 Dodging
 - Level 1.7 Stealth
 + Level 2.0 Spellcasting
 + Level 5.7 Summonings


You had 2 spell levels left.
You knew the following spells:

 Your Spells              Type           Power      Damage    Failure   Level
a - Summon Small Mammal   Summ           76%        N/A       1%          1
b - Call Imp              Summ           19%        N/A       3%          2
c - Call Canine Familiar  Summ           19%        N/A       6%          3

Your spell library contained the following spells:

 Spells                   Type           Power      Damage    Failure   Level
 Sting                    Tmut/Pois      4%         1d3       21%         1
 Sublimation of Blood     Necr           0%         N/A       30%         2
 Summon Guardian Golem    Hex/Summ       10%        N/A       19%         3
 Gell's Gravitas          Tloc           0%         N/A       52%         3
 Lesser Beckoning         Tloc           0%         N/A       52%         3
 Teleport Other           Tloc           1%         N/A       52%         3
 Summon Lightning Spire   Summ/Air       10%        N/A       54%         4
 Petrify                  Tmut/Erth      1%         N/A       90%         4
 Irradiate                Conj/Tmut      0%         3d14      99%         5


Dungeon Overview and Level Annotations

Branches:
Dungeon (4/15)
 Temple: D:4-7

Altars:
Vehumet

Shops:
D:3 (

Annotations:
D:3 Pikel


Innate Abilities, Weirdness & Mutations

Your plain brown scales are hard. (AC +5)
You cannot fit into any form of body armour.
You are cold-blooded and may be slowed by cold attacks.


Message History

g - Guard the area. f - Follow me.
Anything else - Cancel.
Gang up on whom?
Press: ? - help, Dir - move target, f/p - Pikel
Aim: Pikel, wielding a +0 whip of freezing and wearing a +0 robe (almost dead, ally target) Attack!
Your crimson imp hits Pikel.
Unknown command.
Pikel barely misses your crimson imp.
Your crimson imp hits Pikel but does no damage.
Pikel hits your crimson imp with a +0 whip of freezing.
Pikel freezes your crimson imp.
Your crimson imp hits Pikel.
Pikel hits your crimson imp but does no damage.
Your crimson imp barely misses Pikel.
Pikel closely misses your crimson imp.
Your crimson imp misses Pikel.
Pikel barely misses your crimson imp.
Your crimson imp blinks!
Pikel closely misses your crimson imp.
Your crimson imp hits Pikel but does no damage.
Pikel hits your crimson imp with a +0 whip of freezing!
Pikel freezes your crimson imp.
Your crimson imp dies!
Your crimson imp disappears in a puff of smoke!
Casting: Call Imp (safe; 3% risk of failure)
Confirm with . or Enter, or press ? or * to list all spells.
A beastly little devil appears in a puff of frigid air.
What are your orders? t - Shout!
Orders for allies: a - Attack new target. p - Attack previous target. r - Retreat! s - Stop attacking. g - Guard the area. f - Follow me.
Anything else - Cancel.
Gang up on whom?
Press: ? - help, Dir - move target, f/p - Pikel
Aim: Pikel, wielding a +0 whip of freezing and wearing a +0 robe (almost dead, ally target) Attack!
Your white imp barely misses Pikel.
Unknown command.
Your white imp barely misses Pikel.
Your white imp barely misses Pikel.
Pikel hits you with a +0 whip of freezing!
You die...

.####.###.###### .#
#.#........#
.####.#.#.####.#
........#.####.#
.##.........##.###
.##.##...........#
.##.##..#>#.##5#.#
.##............K.#
###>.##.#.####.#@#
..........# #.#.#
###..##.### #.#.#
#..##.# #.#.#
#..##.######.#.#
#...#..........######
##..#####.####......#
#..#####.#########.#
#.............# #.#


You could see Pikel (ally target) and a friendly white imp (summoned).

Vanquished Creatures
  Natasha (twice) (D:3)
  2 adders
  A worm (D:3)
  2 dart slugs
  4 endoplasms
  3 giant cockroaches
  3 hobgoblins
  2 jackals (D:3)
  7 kobolds
  A ball python (D:2)
  6 bats
  A frilled lizard (D:3)
  4 goblins
  4 rats
42 creatures vanquished.

Vanquished Creatures (collateral kills)
  A lemure (D:4)
  Terence (D:3)
  Natasha (D:3)
  An adder (D:3)
  A worm (D:3)
  A dart slug (D:1)
  2 ball pythons (D:2)
  4 endoplasms
  A giant cockroach (D:1)
  2 goblins
  2 hobgoblins (D:1)
  A jackal (D:3)
  A quokka (D:2)
  A frilled lizard (D:2)
  2 kobolds
22 creatures vanquished.

Grand Total: 64 creatures vanquished

Notes
Turn   | Place    | Note
-------+----------+-------------------------------------------
     0 | D:1      | pkoi the Draconian Summoner began the quest for the Orb.
     0 | D:1      | Reached XP level 1. HP: 14/14 MP: 3/3
    50 | D:1      | Found a faded altar of an unknown god.
   418 | D:1      | You fall into a shaft and drop 1 floor!
   479 | D:1      | Reached XP level 2. HP: 20/20 MP: 0/5
   833 | D:1      | Learned a level 2 spell: Call Imp
   849 | D:1      | Got Plato's Papyrus of Changing
  1361 | D:2      | Reached XP level 3. HP: 26/26 MP: 4/6
  1383 | D:2      | Found a radiant altar of Vehumet.
  1990 | D:2      | Became a worshipper of Vehumet
  2007 | D:2      | Reached skill level 5 in Summonings
  2181 | D:2      | Reached skill level 1 in Polearms
  2630 | D:3      | Learned a level 3 spell: Call Canine Familiar
  2659 | D:3      | Noticed Terence
  2700 | D:3      | Killed Terence
  2701 | D:3      | Reached XP level 4. HP: 8/33 MP: 1/7
  3162 | D:3      | Noticed Natasha
  3174 | D:3      | Killed Natasha
  3855 | D:3      | Noticed Natasha
  3862 | D:3      | Killed Natasha
  3890 | D:3      | Found Viotol's Weapon Boutique.
  4156 | D:3      | Noticed Natasha
  4163 | D:3      | Killed Natasha
  4164 | D:3      | Reached XP level 5. HP: 30/38 MP: 4/8
  4315 | D:4      | Noticed a lemure
  4347 | D:4      | Killed a lemure
  4417 | D:4      | Noticed Pikel
  4420 | D:4      | Noticed a lemure
  4420 | D:4      | Noticed a lemure
  4421 | D:4      | Noticed a lemure
  4500 | D:3      | Slain by Pikel

Illustrated notes

Levels and vault maps discovered:
D:1:      roderic_crossed_star, layout_rooms,
          shapermc_ecumenical_altar_rom_forum
D:2:      layout_basic, basic_altar
D:3:      layout_loops_ring, serial_shops, shop, uniq_terence, uniq_natasha
D:4:      layout_cave_pools, nicolae_shop_gadgets, uniq_pikel

Skill      XL: |  1  2  3  4 |
---------------+-------------+-----
Summonings     | 5 |  5.7
Polearms       | 1 2 |  2.7
Dodging        | |  1.7
Stealth        | |  1.7
Spellcasting   | |  2.0

Action                   |  1- 3 |  4- 6 || total
-------------------------+-------+-------++-------
Melee: Spear             |    88 |    73 ||   161
       Unarmed           |     6 |       ||     6
       Tailslap          |     4 |     3 ||     7
 Cast: Summon Small Mamm |    45 |       ||    45
       Call Canine Famil |     1 |     6 ||     7
       Call Imp          |     1 |     6 ||     7
  Use: Scroll            |       |     2 ||     2
 Stab: Sleeping          |     6 |       ||     6
       Distracted        |       |     2 ||     2
Armor: Skin              |    25 |    18 ||    43
Dodge: Dodged            |    81 |    27 ||   108
